 Dungeon Crawl Stone Soup version 0.31-a0-986-g5e6e4ef867 (webtiles) character file.

Game seed: 17671073329496459257

265 pokeman the Magician (level 5, 0/29 HPs)
             Began as a Deep Elf Hedge Wizard on Nov 6, 2023.
             Was an Initiate of Vehumet.
             Slain by an orc
             ... wielding a +0 trident
              (5 damage)
             ... on level 4 of the Dungeon.
             The game lasted 00:05:08 (3674 turns).

pokeman the Magician (Deep Elf Hedge Wizard)        Turns: 3674, Time: 00:05:08

Health: 0/29       AC:  2    Str:  7    XL:     5   Next: 99%
Magic:  8/16       EV: 13    Int: 27    God:    Vehumet [......]
Gold:   191        SH:  0    Dex: 14    Spells: 4/17 levels left

rFire   + + .        t - +3 war axe (heavy)
rCold   + . .        (no shield)
rNeg    + . .        b - +0 robe
rPois   .            c - +0 hat
rElec   .            r - scarf {rC+ rF+}
rCorr   .            (no gloves)
SInv    .            (no boots)
Will    .....        (no amulet)
Stlth   +            l - +6 ring of intelligence
HPRegen 0.24/turn    o - ring of Truth {rF+ rN+}
MPRegen 0.15/turn

%: no passive effects
@: confused
A: no striking features
a: Renounce Religion


You were on level 4 of the Dungeon.
You worshipped Vehumet.
Vehumet was noncommittal.
You visited 1 branch of the dungeon, and saw 4 of its levels.

You collected 191 gold pieces.

Inventory:

Hand Weapons
 t - a +3 heavy war axe (weapon)
Armour
 b - a +0 robe (worn)
 c - a +0 hat (worn)
 r - a scarf of resistance (worn)
Jewellery
 l - a +6 ring of intelligence (left hand)
 o - the ring of Truth (right hand) {rF+ rN+}
   (You found it on level 2 of the Dungeon)

   [ring of positive energy]

   rF+:       It protects you from fire.
   rN+:       It protects you from negative energy.
Wands
 p - a wand of roots (13)
Scrolls
 a - a scroll of fog {unknown}
 f - 2 scrolls of teleportation {unknown}
 g - a scroll of summoning {unknown}
 i - 2 scrolls of poison {unknown}
 j - a scroll of identify {unknown}
 n - a scroll of torment {unknown}
Potions
 d - a potion of magic
 e - a potion of heal wounds {unknown}
 h - a potion of ambrosia {unknown}
 m - 2 potions of lignification {unknown}
 q - a potion of berserk rage {unknown}
 s - a potion of cancellation {unknown}


   Skills:
 - Level 1.0 Fighting
 - Level 1.0 Armour
 - Level 3.0 Dodging
 - Level 3.1 Stealth
 * Level 6.5 Spellcasting
 + Level 2.9 Conjurations
 - Level 1.1 Summonings
 - Level 1.1 Translocations
 + Level 0.9 Transmutations
 + Level 0.8 Air Magic
 - Level 1.0 Poison Magic
 - Level 1.0 Evocations


You had 4 spell levels left.
You knew the following spells:

 Your Spells              Type           Power      Damage    Failure   Level
a - Magic Dart            Conj           96%        1d7       1%          1
b - Mephitic Cloud        Conj/Pois/Air  17%        N/A       10%         3
c - Call Imp              Summ           28%        N/A       6%          2
d - Blink                 Tloc           28%        N/A       6%          2
e - Irradiate             Conj/Tmut      9%         3d14      61%         5

Your spell library contained the following spells:

 Spells                   Type           Power      Damage    Failure   Level
 Shock                    Conj/Air       72%        1d7       2%          1
 Freeze                   Ice            32%        1d5       6%          1
 Slow                     Hex            32%        N/A       6%          1
 Wereblood                Tmut           13%        N/A       6%          2
 Cigotuvi's Dreadful Rot  Necr/Pois/Air  24%        N/A       7%          2
 Hailstorm                Conj/Ice       16%        3d6       11%         3
 Swiftness                Air            13%        N/A       13%         3
 Frozen Ramparts          Ice            16%        1d3       19%         3
 Airstrike                Air            6%         2d(1-17)  41%         4


Dungeon Overview and Level Annotations

Branches:
Dungeon (4/15)
 Temple: D:4-7

Altars:
Kikubaaqudgha
Sif Muna
Vehumet


Message History

The orc hits you from afar with a +0 trident!
You barely miss the orc. x2; The orc barely misses you. x2
The orc closely misses you. The orc hits you with a +0 dagger.
The orc hits you from afar with a +0 trident.
The orc closely misses you. The orc hits you with a +0 dagger.
The orc hits you from afar with a +0 trident.
The orc hits you with a +0 whip.
* * * LOW HITPOINT WARNING * * *
The orc misses you. The orc attacks as it pursues you!
The orc closely misses you.
There is an open door here.
Casting: Magic Dart (safe; 1% risk of failure)
Confirm with . or Enter, or press ? or * to list all spells.
Aiming: Mephitic Cloud (quite dangerous; 10% risk of failure)
Press: ? - help, Shift-Dir - straight line, f - orc
Aim: an orc, wielding a +0 whip (chance to affect: 96%)
The ball explodes into a vile cloud!
The stinking cloud engulfs the orc but does no damage. x2
The stinking cloud engulfs you but does no damage.
The stinking cloud engulfs the orc but does no damage.
You are engulfed in noxious fumes.
You choke on the stench!
You are confused.
You hear a bark!
The orc is engulfed in noxious fumes.
The orc appears confused.
The orc misses you.
The orc hits itself with a +0 whip.
The orc hits you from afar with a +0 trident.
* * * LOW HITPOINT WARNING * * *
Unknown command.
You bump into the rock wall.
You are engulfed in noxious fumes.
You choke on the stench!
You are more confused.
The orc hits you from afar with a +0 trident.
* * * LOW HITPOINT WARNING * * *
Unknown command.
You slash the orc!
You kill the orc!
Vehumet accepts your kill. The orc hits you but does no damage.
The orc hits you from afar with a +0 trident.
You die...

...# ####+###...#
#..........
#.....<....
#.......#
#..)....#
#...oo..#
####○#### #@# #.#
#.# #.########
#.##.....#
#.##.....########
#.##.....#......#
#.#.....)'......#
#.#......#......#


You could see 2 orcs.

Vanquished Creatures
  A jelly (D:4)
  Ijyb (D:3)
  An iguana (D:4)
  An orc wizard (D:4)
  2 adders
  7 gnolls
  2 dart slugs
  2 orcs
  7 endoplasms
  2 giant cockroaches
  4 goblins
  9 hobgoblins
  2 jackals (D:3)
  4 kobolds
  5 quokkas
  7 ball pythons
  4 bats
  2 frilled lizards (D:1)
  9 rats
72 creatures vanquished.

Notes
Turn   | Place    | Note
-------+----------+-------------------------------------------
     0 | D:1      | pokeman the Deep Elf Hedge Wizard began the quest for the
                  | Orb.
     0 | D:1      | Reached XP level 1. HP: 10/10 MP: 7/7
   403 | D:1      | Reached XP level 2. HP: 16/16 MP: 5/9
  1060 | D:2      | Reached skill level 5 in Spellcasting
  1306 | D:2      | Reached XP level 3. HP: 20/20 MP: 8/11
  1311 | D:2      | Learned a level 3 spell: Mephitic Cloud
  1314 | D:2      | Learned a level 2 spell: Call Imp
  1317 | D:2      | Learned a level 2 spell: Blink
  1519 | D:2      | Reached skill level 1 in Fighting
  1519 | D:2      | Reached skill level 1 in Armour
  1790 | D:2      | Reached XP level 4. HP: 25/25 MP: 11/13
  1941 | D:2      | Identified the ring of Truth {rF+ rN+}
  2206 | D:3      | Identified the of Usisam
  2425 | D:3      | Noticed Ijyb
  2453 | D:3      | Killed Ijyb
  2557 | D:3      | Found a radiant altar of Vehumet.
  2558 | D:3      | Found an ancient bone altar of Kikubaaqudgha.
  2560 | D:3      | Found a shimmering blue altar of Sif Muna.
  2569 | D:3      | Became a worshipper of Vehumet
  2694 | D:3      | Reached skill level 6 in Spellcasting
  2694 | D:3      | Reached XP level 5. HP: 20/29 MP: 6/15
  2861 | D:3      | Learned a level 5 spell: Irradiate
  3667 | D:4      | Reached skill level 1 in Poison Magic
  3667 | D:4      | Reached skill level 1 in Evocations
  3674 | D:4      | Slain by an orc

Illustrated notes

Levels and vault maps discovered:
D:1:      psy_arrival_fountain, layout_loops_ring
D:2:      layout_basic
D:3:      wad_pebble_path, layout_basic, grunt_temple_overflow_magic_moments,
          roderic_lattice_a, uniq_ijyb
D:4:      layout_basic, uniq_edmund

Skill      XL: |  1  2  3  4  5 |
---------------+----------------+-----
Spellcasting   | 5 6 |  6.5
Fighting       | 1 |  1.0
Armour         | 1 |  1.0
Conjurations   | 2 |  2.9
Stealth        | 3 |  3.1
Dodging        | 3 |  3.0
Poison Magic   | 1 |  1.0
Evocations     | 1 |  1.0
Summonings     | |  1.1
Translocations | |  1.1
Transmutations | |  0.9
Air Magic      | |  0.8

Action                     |  1- 3 |  4- 6 || total
---------------------------+-------+-------++-------
  Melee: Dagger            |     9 |    28 ||    37
         War axe           |       |     3 ||     3
   Cast: Magic Dart        |    71 |    63 ||   134
         Mephitic Cloud    |     2 |     7 ||     9
         Call Imp          |     1 |       ||     1
   Stab: Confused          |     1 |     5 ||     6
         Sleeping          |       |     1 ||     1
 Armour: Robe              |     7 |    17 ||    24
  Dodge: Dodged            |     8 |    19 ||    27

Table legend: (Time is in decaauts)
 A = Elapsed time spent in this place.
 B = Non-inter-level travel time spent in this place.
 C = Inter-level travel time spent in this place.
 D = Time resting spent in this place.
 E = Time spent auto-exploring this place.
 F = Levels seen in this place.
 G = Mean time per level.
                   A        B        C        D        E       F      G
               +--------+--------+--------+--------+--------+-----+--------+
         Total |   3673 |   3619 |     54 |      0 |   3219 |   4 |  918.2 |
       Dungeon |   3673 |   3619 |     54 |      0 |   3219 |   4 |  918.2 |
               +--------+--------+--------+--------+--------+-----+--------+

Top non-repeatable levels by time:
     D:2: 1239 daAuts
     D:3: 1133 daAuts
     D:1: 964 daAuts
     D:4: 335 daAuts
